Map: 2000 Atmospheres LE

Players

DRG - Winner!

  • Race: Zerg Zerg

Demi

  • Race: Zerg Zerg
  • League: Diamond

Event: DreamHack SC2 Masters Last Chance 2022

VOD

Have the link to the VOD?

Description

Time

  • Played on: Dec. 15, 2021, 4:48 a.m.
  • Length: 6:45

All games in this series

Show
View Real Time Build Order
Export as new Build Order

DRG Zerg - Winner!

Build Orders: Hatch First 

Get SALT Encoding   

  12  0:00  Drone  
  13  0:11  Overlord  
  13  0:16  Drone  
  14  0:30  Drone x2  
  16  0:47  Hatchery  
  15  0:50  Drone  
  15  0:54  Drone  
  17  0:57  Drone  
  18  1:08  Extractor  
  17  1:12  Spawning Pool  
  17  1:15  Drone  
  18  1:18  Drone  
  18  1:27  Drone  
  19  1:38  Drone  
  20  1:49  Drone  
  21  1:59  Queen x2, Overlord  
  21  2:00  Zergling x2  
  26  2:10  Metabolic Boost  
  26  2:12  Drone x2  
  28  2:21  Drone  
  29  2:23  Zergling x2  
  30  2:32  Hatchery  
  30  2:34  Drone  
  30  2:37  Drone  
  30  2:44  Overlord  
  31  2:45  Drone  
  31  2:52  Drone  
  31  2:53  Drone  
  31  2:57  Baneling Nest  
  32  3:04  Zergling x4  
  34  3:12  Drone x5  
  39  3:14  Zergling x2  
  40  3:21  Overlord  
  40  3:22  Zergling x2  
  40  3:31  Overlord  
  40  3:32  Drone  
  41  3:37  Evolution Chamber  
  41  3:39  Drone x3  
  44  3:42  Drone x3  
  44  3:44  Queen  
  50  3:48  Drone x3  
  50  3:55  Overlord  
  52  4:00  Zergling x2  
  53  4:03  Extractor x2  
  53  4:06  Zerg Ground Armor Level 1, Roach Warren  
  51  4:11  Drone x4  
  55  4:18  Drone x3  
  55  4:19  Overlord  
  55  4:22  Zergling x4  
  55  4:23  Zergling x2  
  61  4:27  Overlord  
  61  4:31  Overlord  
  60  4:39  Overlord  
  60  4:42  Overlord  
  60  4:48  Roach x5  
  60  4:49  Roach  
  60  4:50  Zergling x4  
  60  4:52  Zergling x2  
  75  4:53  Zergling x2  
  75  4:55  Zergling x2  
  75  4:56  Zergling x2  
  75  4:58  Zergling x2  
  79  5:00  Zergling x4  
  79  5:03  Zergling x2  
  82  5:10  Ravager x3  
  85  5:14  Zergling x12  
  85  5:17  Zergling x2  
  85  5:18  Zergling x4  
  94  5:23  Zergling x4  
  94  5:24  Ravager  
  94  5:26  Zergling x8  
  101  5:33  Ravager  
  101  5:34  Overlord  
  101  5:35  Zergling x2  
  103  5:38  Zergling x2  
  104  5:44  Zergling x2  
  104  5:46  Overlord  
  105  5:50  Ravager  
  105  5:51  Zergling x14  
  113  6:02  Zergling x12  
  119  6:09  Zergling x4  
  121  6:13  Zergling x2  
  120  6:22  Zergling x6  
  108  6:27  Zergling x6  
Show
View Real Time Build Order
Export as new Build Order

Demi Zerg 

Build Orders: Hatch First 

Get SALT Encoding   

  12  0:00  Drone  
  13  0:12  Overlord  
  13  0:16  Drone  
  14  0:31  Drone x2  
  16  0:47  Hatchery  
  15  0:50  Drone  
  15  0:53  Drone  
  17  0:57  Drone  
  18  1:11  Spawning Pool  
  17  1:13  Drone  
  18  1:19  Drone  
  19  1:31  Drone  
  20  1:45  Overlord  
  20  1:54  Drone  
  20  1:59  Queen  
  20  2:00  Zergling x2  
  25  2:01  Drone, Queen  
  27  2:10  Drone  
  27  2:12  Drone  
  29  2:22  Drone, Overlord  
  30  2:32  Overlord  
  30  2:34  Queen  
  30  2:35  Drone  
  33  2:37  Queen  
  33  2:43  Drone x2, Extractor x2  
  35  2:53  Drone  
  35  2:55  Drone  
  37  3:03  Drone  
  38  3:07  Drone  
  38  3:08  Drone x3  
  42  3:12  Evolution Chamber  
  42  3:14  Drone x3  
  44  3:20  Drone  
  44  3:26  Roach Warren  
  43  3:28  Lair  
  43  3:33  Drone x2  
  45  3:39  Drone x2  
  47  3:47  Drone x3  
  47  3:48  Evolution Chamber  
  49  3:49  Zerg Missile Weapons Level 1  
  49  3:52  Overlord  
  49  3:54  Drone  
  49  3:55  Drone x2  
  52  3:56  Extractor  
  51  4:03  Overlord  
  51  4:08  Overlord  
  51  4:11  Roach  
  51  4:15  Overlord  
  55  4:17  Roach x3  
  55  4:21  Overlord  
  55  4:23  Roach x2  
  63  4:25  Drone  
  63  4:28  Glial Reconstitution  
  63  4:29  Drone  
  63  4:30  Drone  
  66  4:41  Drone x2  
  68  4:47  Drone x2  
  68  4:48  Drone  
  68  4:49  Extractor  
  68  4:51  Hatchery  
  68  4:52  Overseer  
  69  4:58  Overlord  
  69  4:59  Drone x2  
  71  5:10  Drone x2  
  71  5:11  Drone  
  74  5:14  Roach  
  74  5:15  Roach  
  78  5:23  Spine Crawler, Roach  
  78  5:24  Spine Crawler  
  78  5:27  Roach x4  
  86  5:33  Roach Warren  
  85  5:39  Evolution Chamber  
  85  5:40  Roach  
  85  5:41  Roach x2  
  90  5:45  Overlord  
  90  5:49  Overlord x2  
  90  6:04  Evolution Chamber  
  90  6:05  Roach  
  90  6:06  Overlord  
  90  6:07  Overlord  
  90  6:09  Roach x4  
  99  6:14  Roach x2  
  103  6:24  Roach x2  

Tags
 
Add a new tag
Caveats
  • Supply blocks, unpowered buildings, or Contaminate may cause inaccurate times.
  • Supply counts are checked every 10 seconds.